 Dungeon Crawl Stone Soup version 0.31-a0-1206-g41278d8d1d (webtiles) character file.

Game seed: 12514116142389167240

44 Hubris850 the Slasher (level 3, -2/31 HPs)
             Began as a Gnoll Wanderer on Dec 13, 2023.
             Slain by an adder (3 damage)
             ... on level 2 of the Dungeon.
             The game lasted 00:03:12 (919 turns).

Hubris850 the Slasher (Gnoll Wanderer)               Turns: 919, Time: 00:03:12

Health: -2/31      AC:  4    Str:  8    XL:     3   Next: 60%
Magic:  4/4        EV: 11    Int: 12    God:
Gold:   71         SH:  5    Dex: 15    Spells: 2/3 levels left

rFire   . . .        a - +0 long sword
rCold   . . .        c - +0 buckler
rNeg    . . .        e - +0 robe
rPois   .            g - +2 hat
rElec   .            (no cloak)
rCorr   .            (no gloves)
SInv    .            (no boots)
Will    .....        (no amulet)
Stlth   ++           (no ring)
HPRegen 0.25/turn    (no ring)
MPRegen 0.09/turn

%: no passive effects
@: lethally poisoned (-2 -> -13)
A: fangs 1, strong nose, distributed training
a: no special abilities


You were on level 2 of the Dungeon.
You visited 1 branch of the dungeon, and saw 2 of its levels.

You collected 71 gold pieces.

Inventory:

Hand Weapons
 a - a +0 long sword (weapon)
 b - a +0 sling
 k - a +0 short sword
Armour
 c - a +0 buckler (worn)
 e - a +0 robe (worn)
 g - a +2 hat (worn)
 n - a +0 plate armour
Scrolls
 d - a scroll of blinking
 f - a scroll of revelation {unknown}
 h - a scroll of fear {unknown}
 i - a scroll of immolation {unknown}
 j - a scroll of silence {unknown}
 l - a scroll of identify {unknown}
 m - a scroll of teleportation {unknown}


   Skills:
 + Level 4.5 Fighting
 + Level 4.5 Short Blades
 + Level 6.5 Long Blades
 + Level 0.9 Axes
 + Level 0.9 Maces & Flails
 + Level 0.9 Polearms
 + Level 0.9 Staves
 + Level 0.9 Ranged Weapons
 + Level 0.9 Throwing
 + Level 2.6 Armour
 + Level 0.9 Dodging
 + Level 2.4 Stealth
 + Level 2.6 Shields
 + Level 0.9 Unarmed Combat
 + Level 0.9 Spellcasting
 + Level 0.6 Conjurations
 + Level 0.6 Hexes
 + Level 0.6 Summonings
 + Level 0.6 Necromancy
 + Level 0.6 Translocations
 + Level 0.6 Transmutations
 + Level 0.6 Fire Magic
 + Level 0.6 Ice Magic
 + Level 0.6 Air Magic
 + Level 0.6 Earth Magic
 + Level 0.6 Poison Magic
 + Level 1.0 Invocations
 + Level 0.9 Evocations
 + Level 0.7 Shapeshifting


You had 2 spell levels left.
You knew the following spells:

 Your Spells              Type           Power      Damage    Failure   Level
a - Kiss of Death         Conj/Necr      8%         2d6       36%         1

Your spell library contained the following spells:

 Spells                   Type           Power      Damage    Failure   Level
 Confusing Touch          Hex            2%         N/A       73%         3
 Dispel Undead            Necr           2%         3d7       98%         4
 Passage of Golubria      Tloc           2%         N/A       98%         4
 Silence                  Hex/Air        1%         N/A       100%        5
 Lehudib's Crystal Spear  Conj/Erth      1%         10d2      100%        8


Dungeon Overview and Level Annotations

Branches:
Dungeon (2/15)

Altars:


Innate Abilities, Weirdness & Mutations

You have very sharp teeth.
Your uncanny sense of smell can sniff out nearby items.
Your experience applies equally to all skills.


Message History

You are poisoned.
The adder poisons you!
You barely miss the adder.
You feel sick. You block the adder's attack.
You hit the adder. Your bite misses the adder.
The adder is moderately wounded.
You feel sick. The adder bites you but does no damage. The adder bites you.
You are more poisoned.
The adder poisons you!
You closely miss the adder. You bite the adder, but do no damage.
The adder is moderately wounded.
You feel very sick. The adder bites you.
You are too injured to fight recklessly!
You are too injured to fight recklessly!
You are too injured to fight recklessly!
You closely miss the adder.
The adder is moderately wounded.
You feel sick. The adder bites you but does no damage.
The adder closely misses you.
You aren't carrying any potions.
You miss the adder.
The adder is moderately wounded.
You feel sick. The adder bites you.
* * * LOW HITPOINT WARNING * * *
You are lethally poisoned!
The adder poisons you!
You closely miss the adder.
The adder is lightly wounded.
* * * LOW HITPOINT WARNING * * *
You feel very sick. The adder bites you.
* * * LOW HITPOINT WARNING * * *
You are more poisoned.
The adder poisons you!
You closely miss the adder.
The adder is lightly wounded.
* * * LOW HITPOINT WARNING * * *
You feel very sick. The adder bites you.
You die...

####...#...#....#.### ##..#...
#.....h..g....(.#.## #..###..
..##[..##h####.....####.###...
.......#..# #†.........###...
.......h..# #).#........##...
..........# #............#...
..........####.#..........#...
..........hS##............##..
.........ghhS@..........†.###.
........#S##............# ##
.######.#.#####.........##
#...# ##..........### #..##
#.............# ###
#............††
#..........#...
#..........#...
#..........####


You could see an adder, 3 jackals, a hobgoblin and 2 ball pythons.

Vanquished Creatures
  2 adders (D:2)
  An endoplasm (D:2)
  2 giant cockroaches (D:1)
  6 hobgoblins
  A jackal (D:2)
  A kobold (D:2)
  A quokka (D:1)
  3 ball pythons
  5 bats
  A goblin (D:2)
  3 rats
26 creatures vanquished.

Notes
Turn   | Place    | Note
-------+----------+-------------------------------------------
     0 | D:1      | Hubris850 the Gnoll Wanderer began the quest for the Orb.
     0 | D:1      | Hubris850 set off with the following items: a +0 long
                  | sword, a +0 short sword, a +0 buckler, a scroll of
                  | blinking, a +0 robe.
     0 | D:1      | Reached XP level 1. HP: 20/20 MP: 1/1
   202 | D:1      | Reached XP level 2. HP: 26/26 MP: 2/2
   209 | D:1      | Learned a level 1 spell: Kiss of Death
   788 | D:2      | Reached XP level 3. HP: 22/31 MP: 2/4
   851 | D:2      | Reached skill level 1 in Invocations
   919 | D:2      | HP: 1/31 [poisoned by an adder]
   919 | D:2      | Slain by an adder

Illustrated notes

Levels and vault maps discovered:
D:1:      lightli_arrival_chessboard, layout_basic
D:2:      layout_rooms, minmay_shallow_snake_nest

Skill      XL: |  1  2  3 |
---------------+----------+-----
Invocations    | 1 |  1.0
Fighting       | |  4.5
Short Blades   | |  4.5
Long Blades    | |  6.5
Axes           | |  0.9
Maces & Flails | |  0.9
Polearms       | |  0.9
Staves         | |  0.9
Ranged Weapons | |  0.9
Throwing       | |  0.9
Armour         | |  2.6
Dodging        | |  0.9
Stealth        | |  2.4
Shields        | |  2.6
Unarmed Combat | |  0.9
Spellcasting   | |  0.9
Conjurations   | |  0.6
Hexes          | |  0.6
Summonings     | |  0.6
Necromancy     | |  0.6
Translocations | |  0.6
Transmutations | |  0.6
Fire Magic     | |  0.6
Ice Magic      | |  0.6
Air Magic      | |  0.6
Earth Magic    | |  0.6
Poison Magic   | |  0.6
Evocations     | |  0.9
Shapeshifting  | |  0.7

Action                     || total
---------------------------++-------
  Melee: Long sword        ||    87
         Bite              ||     7
   Stab: Sleeping          ||     4
         Distracted        ||     1
 Armour: Robe              ||    74
  Dodge: Dodged            ||    49
  Block: Buckler           ||    22

Table legend: (Time is in decaauts)
 A = Elapsed time spent in this place.
 B = Non-inter-level travel time spent in this place.
 C = Inter-level travel time spent in this place.
 D = Time resting spent in this place.
 E = Time spent auto-exploring this place.
 F = Levels seen in this place.
 G = Mean time per level.
                   A        B        C        D        E       F      G
               +--------+--------+--------+--------+--------+-----+--------+
         Total |    931 |    870 |     61 |     17 |    610 |   2 |  465.5 |
       Dungeon |    931 |    870 |     61 |     17 |    610 |   2 |  465.5 |
               +--------+--------+--------+--------+--------+-----+--------+

Top non-repeatable levels by time:
     D:1: 728 daAuts
     D:2: 203 daAuts
